AoeStats
← Pepim14

Pilgrims

507816556Analyzed
4v4 RM · 11d ago on Sep 19, 2026· 54m 42s· 8 players
Game mode
Random Map
Map size
Large (8 player)
Population
200
Speed
Normal
Resources
Standard
Victory
Conquest
Starting age
Dark Age
Ending age
Imperial Age
RankedLock teamsTeams togetherTeam positionsShared explorationLock speedFull tech treeHidden civsTurbo modeCheats
Victory
Defeat
🇦🇷 Berbers · Argentina
1232
+13
🇦🇷 Wu · Argentina
1121
+18
🇦🇷 Koreans · Argentina
1098
+19
🇦🇷 Persians · Argentina
1070
+20
🇬🇧 Ethiopians · United Kingdom
1185
-18
🇭🇺 Italians · Hungary
1171
-18
🇭🇺 Saracens · Hungary
1148
-17
🇭🇺 Vietnamese · Hungary
1143
-17
Pepim14
6:17 Loom
13:59 Feudal Age
14:44 Town Watch
14:24 Man-at-Arms
15:25 Double-Bit Axe
15:52 Arson
20:38 Castle Age
21:00 Gold Mining
22:29 Wheelbarrow
32:38 Hand Cart
33:41 Bow Saw
33:27 Pikeman
41:30 Scale Mail Armor
44:33 Forging
45:42 Squires
48:44 Horse Collar
50:59 Heavy Plow
MorsaSdE
12:13 Feudal Age
15:50 Castle Age
14:08 Double-Bit Axe
17:29 Fletching
18:12 Gold Mining
23:24 Scale Barding Armor
26:37 Bodkin Arrow
39:45 Wheelbarrow
43:40 Horse Collar
47:02 Hand Cart
46:54 Stone Mining
50:14 Imperial Age
48:39 Chain Barding Armor
49:10 Gold Shaft Mining
51:11 Bow Saw
51:39 Capped Ram
52:21 Padded Archer Armor
53:27 Forging
54:36 Ballistics
53:56 Treadmill Crane
Rey William
5:48 Loom
10:37 Feudal Age
11:37 Fishing Lines
15:25 Wheelbarrow
15:34 Double-Bit Axe
16:22 Gold Mining
19:03 Castle Age
19:10 Forging
19:06 Scale Barding Armor
19:55 Bloodlines
20:46 Iron Casting
20:48 Bow Saw
20:31 Stone Mining
23:30 Horse Collar
25:00 Fletching
31:41 Hand Cart
37:06 Imperial Age
35:05 Town Watch
36:27 Husbandry
36:49 Chain Barding Armor
36:26 Bodkin Arrow
36:31 Padded Archer Armor
36:45 Cavalier
39:28 Blast Furnace
39:40 Plate Barding Armor
42:46 Light Cavalry
44:37 Savar
46:42 Hussar
47:03 Elite Skirmisher
48:37 Heavy Plow
48:50 Padded Archer Armor
50:16 Ballistics
50:08 Masonry
52:24 Thumb Ring
53:38 Leather Archer Armor
54:59 Two-Man Saw
franb89
4:14 Loom
10:56 Feudal Age
19:00 Castle Age
17:29 Fletching
18:40 Double-Bit Axe
19:40 Bodkin Arrow
23:41 Wheelbarrow
28:00 Ballistics
40:57 Gold Mining
56:39 Imperial Age
LGee
10:47 Loom
13:08 Feudal Age
21:53 Castle Age
21:01 Stone Mining
21:01 Gold Mining
21:16 Double-Bit Axe
26:25 Scale Mail Armor
34:19 Medium Warships
39:55 Fletching
40:44 Bow Saw
41:11 Bodkin Arrow
41:39 Ballistics
43:16 Elite Skirmisher
51:39 Chain Mail Armor
kispalb
15:23 Feudal Age
17:12 Man-at-Arms
21:38 Arson
27:44 Castle Age
29:12 Fletching
28:48 Long Swordsman
29:50 Medium Warships
32:50 Loom
34:35 Bodkin Arrow
37:06 Scale Mail Armor
37:17 Forging
43:26 Double-Bit Axe
43:27 Horse Collar
47:36 Imperial Age
50:28 Ballistics
50:43 Heavy Warships
51:52 Pikeman
53:06 Careening
54:33 Bow Saw
SzabolcsVezér
3:02 Loom
12:48 Feudal Age
13:11 Fishing Lines
13:20 Town Watch
14:10 Wheelbarrow
13:22 Double-Bit Axe
16:55 Forging
17:09 Padded Archer Armor
20:07 Castle Age
18:16 Fletching
24:12 Castle Age
27:16 Bodkin Arrow
27:48 Gillnets
27:28 Elite Skirmisher
29:48 Scale Barding Armor
30:44 Thumb Ring
31:45 Medium Warships
33:42 Hand Cart
38:13 Iron Casting
42:51 Leather Archer Armor
47:00 Imperial Age
47:50 Bracer
47:13 Imperial Skirmisher
48:37 Ballistics
Marcell97
11:13 Feudal Age
9:29 Loom
12:07 Fishing Lines
13:10 Fletching
13:21 Padded Archer Armor
17:52 Castle Age
20:41 Gillnets
27:02 Bodkin Arrow
35:19 Ballistics
35:42 Masonry
35:45 Careening
35:45 Clinker Construction
37:03 Silk Road
37:50 Double-Bit Axe
39:02 Bow Saw
40:21 Leather Archer Armor
41:42 Crossbowman
42:30 Thumb Ring
50:35 Imperial Age
52:21 Chemistry
51:44 Dry Dock
51:48 Carvel Hull
51:49 Dry Dock
52:46 Ring Archer Armor
52:43 Bracer
54:19 Conscription
Connection lost

Rejoining the realm…

Still unreachable

The connection could not be restored.

Session expired

The server has moved on; the page needs a fresh start.